 Dungeon Crawl Stone Soup version 0.28-a0-1613-gdaab1c2f9b (webtiles) character file.

Game seed: 14147104142287410156

95 Ijustatesigmund the Skirmisher (level 4, -2/29 HPs)
             Began as a Gargoyle Fighter on Jan 21, 2022.
             Slain by an orc (5 damage)
             ... on level 3 of the Dungeon.
             The game lasted 00:03:29 (1791 turns).

Ijustatesigmund the Skirmisher (Gargoyle Fighter)   Turns: 1791, Time: 00:03:29

Health: -2/29      AC: 10    Str: 21    XL:     4   Next: 65%
Magic:  4/4        EV:  5    Int:  9    God:
Gold:   47         SH: 11    Dex:  9    Spells: 3/3 levels left

rFire   . . .      SeeInvis .   a - +1 flail
rCold   . . .      Faith    .   c - +0 tower shield
rNeg    + . .      Spirit   .   b - +0 scale mail
rPois   ∞          Reflect  .   (no helmet)
rElec   +          Harm     .   (no cloak)
rCorr   .          Rampage  .   (no gloves)
Will    .....                   (no boots)
Stlth   ..........              (no amulet)
HPRegen 0.09/turn               (no ring)
MPRegen 0.09/turn               (no ring)

@: mighty
A: sickness immunity, AC +3, negative energy resistance 1, electricity
resistance, torment resistance 1, petrification resistance
a: no special abilities


You were on level 3 of the Dungeon.
You visited 1 branch of the dungeon, and saw 3 of its levels.

You collected 47 gold pieces.

Inventory:

Hand Weapons
 a - a +1 flail (weapon)
Armour
 b - a +0 scale mail (worn)
 c - a +0 tower shield (worn)
Scrolls
 f - 2 scrolls of teleportation
Potions
 d - 2 potions of might
 k - 2 potions of flight


   Skills:
 + Level 4.1 Fighting
 * Level 3.7 Maces & Flails
 - Level 3.2 Armour
 + Level 3.8 Shields


You had 3 spell levels left.
You didn't know any spells.
Your spell library was empty.

Dungeon Overview and Level Annotations

Branches:
Dungeon (3/15)

Altars:
Ru
Yredelemnul


Innate Abilities, Weirdness & Mutations

You are immune to sickness and miasma.
Your stone body is resilient. (AC +3)
You are immune to poison.
You resist negative energy. (rN+)
You are resistant to electric shocks. (rElec)
You are resistant to unholy torment.
You are immune to petrification.


Message History

You feel very mighty all of a sudden.
The orc hits you from afar with a +0 trident.
Something hits you.
* * * LOW HITPOINT WARNING * * *
You closely miss something. The orc hits you but does no damage.
Something hits you but does no damage. You block the orc's attack.
You sock something!
Reactivating autopickup.
You feel a bit more experienced. You block the orc's attack. x2
You sock the orc!
You kill the orc!
The orc hits you but does no damage. You block the orc's attack. x2
You sock the orc!
You kill the orc!
You feel your willpower return. You block the orc's attack.
The orc closely misses you. You block the orc's attack.
You bludgeon the orc!!
You kill the orc!
The orc hits you but does no damage. The orc hits you with a +0 hand axe.
* * * LOW HITPOINT WARNING * * *
You sock the orc!
You kill the orc!
The orc hits you from afar with a +0 trident.
* * * LOW HITPOINT WARNING * * *
The orc closely misses you.
It was a potion of curing.
You feel better. You block the orc's attack.
The orc hits you from afar with a +0 trident.
* * * LOW HITPOINT WARNING * * *
You hit the orc.
The orc is moderately wounded.
You block the orc's attack. The orc completely misses you.
You block the orc's attack.
You hit the orc.
The orc is severely wounded.
You block the orc's attack. x3
You barely miss the orc.
The orc is severely wounded.
The orc hits you with a +0 war axe.
You die...

##########
.......?.#
########@# #o#
#o..# #.....#
.........
..#........
##.##...#.....
# ##.##.....
..# .....


You could see 2 orcs.

Vanquished Creatures
  Natasha (D:2)
  An orc wizard (D:3)
  5 orcs (D:3)
  2 ball pythons (D:1)
  7 bats
  7 endoplasms
  A giant cockroach (D:1)
  A hobgoblin (D:1)
  2 kobolds (D:1)
  A quokka (D:1)
  2 frilled lizards (D:1)
  3 goblins (D:1)
  6 rats
39 creatures vanquished.

Notes
Turn   | Place    | Note
-------+----------+-------------------------------------------
     0 | D:1      | Ijustatesigmund the Gargoyle Fighter began the quest for
                  | the Orb.
     0 | D:1      | Reached XP level 1. HP: 14/14 MP: 1/1
   103 | D:1      | Reached XP level 2. HP: 12/19 MP: 2/2
   724 | D:1      | Reached XP level 3. HP: 24/24 MP: 3/3
  1045 | D:1      | Found a sacrificial altar of Ru.
  1145 | D:2      | Found a basalt altar of Yredelemnul.
  1516 | D:2      | Found a faded altar of an unknown god.
  1591 | D:2      | Noticed Natasha
  1598 | D:2      | Killed Natasha
  1599 | D:2      | Reached XP level 4. HP: 29/29 MP: 4/4
  1776 | D:3      | Reached skill level 4 in Fighting
  1791 | D:3      | Slain by an orc

Illustrated notes

Levels and vault maps discovered:
D:1:      dpeg_arrival_water_altar, layout_basic
D:2:      layout_loops_ring, basic_altar, chequers_ecumenical_altar_island,
          minivault_4, uniq_natasha
D:3:      layout_loops_ring

Skill      XL: |  1  2  3  4 |
---------------+-------------+-----
Maces & Flails | 3 |  3.7
Fighting       | 4 |  4.1
Armour         | |  3.2
Shields        | |  3.8

Action                   |  1- 3 |  4- 6 || total
-------------------------+-------+-------++-------
Melee: Flail             |    85 |    23 ||   108
  Use: Scroll            |       |     6 ||     6
       Potion            |       |     2 ||     2
Armor: Scale mail        |    44 |    19 ||    63
Dodge: Dodged            |    31 |     7 ||    38
Block: Buckler           |     6 |       ||     6
       Tower shield      |    59 |    26 ||    85

Table legend: (Time is in decaauts)
 A = Elapsed time spent in this place.
 B = Non-inter-level travel time spent in this place.
 C = Inter-level travel time spent in this place.
 D = Time resting spent in this place.
 E = Time spent auto-exploring this place.
 F = Levels seen in this place.
 G = Mean time per level.
                   A        B        C        D        E       F      G
               +--------+--------+--------+--------+--------+-----+--------+
         Total |   1874 |   1768 |    106 |      3 |   1450 |   3 |  624.7 |
       Dungeon |   1874 |   1768 |    106 |      3 |   1450 |   3 |  624.7 |
               +--------+--------+--------+--------+--------+-----+--------+

Top non-repeatable levels by time:
     D:1: 1153 daAuts
     D:2: 650 daAuts
     D:3: 70 daAuts
